 Dungeon Crawl Stone Soup version 0.25-a0-50-gf0389da217 (webtiles) character file.

Game seed: 2483441403423855174, levelgen mode: deterministic

58 Mort the Cutter (level 4, 0/48 HPs)
             Began as a Halfling Berserker on Oct 24, 2019.
             Was a Believer of Trog.
             Slain by an adder (4 damage)
             ... on level 2 of the Dungeon.
             The game lasted 00:06:09 (1552 turns).

Mort the Cutter (Halfling Berserker)                Turns: 1552, Time: 00:06:10

Health: 0/48       AC:  3    Str: 23    XL:     4   Next: 20%
Magic:  4/4        EV: 16    Int: 11    God:    Trog [**....]
Gold:   41         SH:  0    Dex: 13    Spells: 3/3 levels left

rFire    . . .     SeeInvis .   a - +0 short sword
rCold    . . .     Gourm    .   (shield restricted)
rNeg     . . .     Faith    .   b - +1 animal skin
rPois    .         Spirit   .   (no helmet)
rElec    .         Reflect  .   (no cloak)
rCorr    .         Harm     .   (no gloves)
MR       .....                  (no boots)
Stlth    ..........             (no amulet)
HPRegen  0.16/turn              (no ring)
MPRegen  0.09/turn              (no ring)

@: brilliant, berserking, lethally poisoned (0 -> -5), very quick
A: small, mutation resistance 1
a: Berserk, Trog's Hand, Renounce Religion


You were on level 2 of the Dungeon.
You worshipped Trog.
Trog was pleased with you.
You were near starving.

You visited 1 branch of the dungeon, and saw 2 of its levels.

You collected 41 gold pieces.

Inventory:

Hand Weapons
 a - a +0 short sword (weapon)
 l - a cursed -2 dagger
Missiles
 d - 62 stones (quivered)
 g - 42 sling bullets
Armour
 b - a +1 animal skin (worn)
Scrolls
 j - a scroll of enchant armour
Comestibles
 c - 3 rations


   Skills:
 + Level 3.6 Fighting
 - Level 3.6 Short Blades
 - Level 2.1 Armour
 + Level 3.5 Dodging


You had 3 spell levels left.
You didn't know any spells.
Your spell library was empty.

Dungeon Overview and Level Annotations

Branches:
Dungeon (2/15)

Altars:


Innate Abilities, Weirdness & Mutations

You are small and have problems with some larger weapons.
You are somewhat resistant to further mutation.


Message History

You feel sick. The adder bites you.
* * * LOW HITPOINT WARNING * * *
You are more poisoned.
The adder poisons you! The adder bites you but does no damage.
You hit the adder.
The adder is heavily wounded.
The adder closely misses you.
A red film seems to cover your vision as you go berserk!
You feel yourself moving faster!
You feel mighty!
You are near starving!
* * * LOW HITPOINT WARNING * * *
You feel sick. The adder closely misses you.
You barely miss the adder.
The adder is heavily wounded.
* * * LOW HITPOINT WARNING * * *
You feel sick. The adder completely misses you.
You completely miss the adder.
The adder is heavily wounded.
The adder bites you.
You die...

.. #.......# #.#
#.......# #.#
#.......# #.#
#.......# #.#
#.......# #.#
#.......####.#######
#....†..'.....)S@..#
#.......####.#####.#
#.......# #.# #.#
#.......# #.# #.#
######)## #.#####.#
#.#####.#.....#
#.......#.#####
#########.# #.#


You could see an adder.

Vanquished Creatures
  2 adders (D:2)
  A worm (D:2)
  A dart slug (D:1)
  2 giant cockroaches
  4 goblins
  6 hobgoblins
  3 jackals (D:1)
  3 ball pythons
  4 bats
  2 frilled lizards (D:2)
  4 kobolds (D:1)
  2 rats
34 creatures vanquished.

Notes
Turn   | Place    | Note
-------+----------+-------------------------------------------
     0 | D:1      | Mort the Halfling Berserker began the quest for the Orb.
     0 | D:1      | Reached XP level 1. HP: 15/15 MP: 1/1
     1 | D:1      | Noticed an electric eel
   375 | D:1      | Reached XP level 2. HP: 12/20 MP: 2/2
   909 | D:1      | Reached XP level 3. HP: 26/26 MP: 3/3
  1324 | D:2      | Reached ** piety under Trog
  1324 | D:2      | Reached XP level 4. HP: 31/31 MP: 4/4
  1552 | D:2      | Slain by an adder

Levels and vault maps discovered:
D:1:      arrival_aquarium_a, layout_loops_ring
D:2:      layout_basic, tso_altar

Skill      XL: |  1  2 |
---------------+-------+-----
Fighting       | 3 |  3.6
Dodging        | 3 |  3.5
Short Blades   | |  3.6
Armour         | |  2.1

Action                   |  1- 3 |  4- 6 || total
-------------------------+-------+-------++-------
Melee: Short sword       |    89 |    32 ||   121
Throw: Stone             |     1 |       ||     1
Invok: Berserk           |     3 |     2 ||     5
  Use: Scroll            |       |     3 ||     3
       Potion            |       |     3 ||     3
  Eat: Chunk             |     3 |     2 ||     5
Armor: Animal skin       |     8 |    13 ||    21
Dodge: Dodged            |    60 |    38 ||    98

Table legend:
 A = Non-vault XP
 B = Vault XP
 C = Vault XP percentage of total XP
 D = Non-vault monster count
 E = Vault monster count
 F = Vault count percentage of total count
                 A         B        C        D         E       F
            +---------+---------+-------+---------+---------+-------
      Total |      83 |       0 |   0.0 |      34 |       0 |   0.0
            +---------+---------+-------+---------+---------+-------
        D:1 |      30 |       0 |   0.0 |      18 |       0 |   0.0
        D:2 |      53 |       0 |   0.0 |      16 |       0 |   0.0
            +---------+---------+-------+---------+---------+-------
